 Dungeon Crawl Stone Soup version 0.28-b1-25-g9875b3fc8c (webtiles) character file.

Game seed: 2184374552457976854

78 sanka the Ducker (level 4, -3/27 HPs)
             Began as a Tengu Enchanter on Feb 5, 2022.
             Slain by an adder (4 damage)
             ... on level 3 of the Dungeon.
             The game lasted 00:03:50 (3494 turns).

sanka the Ducker (Tengu Enchanter)                  Turns: 3494, Time: 00:03:51

Health: -3/27      AC:  2    Str:  8    XL:     4   Next: 36%
Magic:  17/17      EV: 13    Int: 18    God:
Gold:   138        SH:  0    Dex: 14    Spells: 7/7 levels left

rFire   . . .      SeeInvis .   m - +0 trident
rCold   . . .      Faith    .   (no shield)
rNeg    . . .      Spirit   .   b - +0 robe
rPois   .          Reflect  .   (helmet restricted)
rElec   .          Harm     .   (no cloak)
rCorr   .          Rampage  .   (no gloves)
Will    .....                   (boots unavailable)
Stlth   ++........              (no amulet)
HPRegen 0.09/turn               g - ring of magical power
MPRegen 0.15/turn               (no ring)

@: lethally poisoned (-3 -> -10)
A: beak, talons 3
a: no special abilities


You were on level 3 of the Dungeon.
You visited 1 branch of the dungeon, and saw 3 of its levels.

You collected 138 gold pieces.

Inventory:

Hand Weapons
 a - a +1 dagger
 m - a +0 trident (weapon)
Missiles
 j - 4 javelins
 k - 6 poisoned darts (quivered)
Armour
 b - a +0 robe (worn)
Jewellery
 g - a ring of magical power (left hand)
Scrolls
 d - 2 scrolls of amnesia {unknown}
 f - a scroll of fog {unknown}
 h - 2 scrolls of blinking {unknown}
 i - a scroll of summoning {unknown}
 l - 3 scrolls of identify {unknown}
 o - a scroll of teleportation {unknown}
 q - a scroll of noise {unknown}
 r - a scroll of enchant weapon {unknown}
Potions
 c - 3 potions of invisibility
 e - a potion of flight {unknown}
 n - 2 potions of berserk rage {unknown}
 p - a potion of degeneration {unknown}
 s - a potion of curing {unknown}


   Skills:
 + Level 2.5 Fighting
 - Level 1.1 Short Blades
 + Level 3.8 Dodging
 - Level 3.0 Stealth
 - Level 2.0 Spellcasting
 - Level 2.1 Hexes


You had 7 spell levels left.
You didn't know any spells.
Your spell library contained the following spells:

 Spells                   Type           Power      Damage    Failure   Level
 Ensorcelled Hibernation  Hex/Ice        10%        N/A       17%         2
 Confusing Touch          Hex            9%         N/A       22%         3
 Tukima's Dance           Hex            9%         N/A       22%         3
 Dazzling Flash           Conj/Hex       10%        N/A       34%         3
 Yara's Violent Unravell  Hex/Tmut       2%         3d3       97%         5
 Enfeeble                 Hex            4%         N/A       100%        7


Dungeon Overview and Level Annotations

Branches:
Dungeon (3/15)

Altars:

Shops:
D:2 (

Annotations:
D:2 Sigmund


Innate Abilities, Weirdness & Mutations

You have a beak for a mouth.
You have claws for feet.


Message History

You are poisoned.
The adder poisons you!
You closely miss the adder. Your kick misses the adder.
Your punch misses the adder.
You feel sick. The adder closely misses you. The adder barely misses you.
You closely miss the adder.
You feel sick. The adder closely misses you.
You miss the adder. Your peck misses the adder.
You feel sick. The adder misses you. x2
You barely miss the adder. You claw the adder, but do no damage.
You feel sick.
You are no longer poisoned.
The adder misses you. The adder bites you.
You are poisoned.
The adder poisons you!
Unknown command.
You closely miss the adder. Your kick misses the adder.
Your peck misses the adder.
You feel sick. The adder barely misses you. The adder bites you.
You are more poisoned.
The adder poisons you!
Unknown command.
You hit the adder. You claw the adder. You peck the adder.
The adder is severely wounded.
You feel very sick. The adder barely misses you.
You are too injured to fight recklessly!
Unknown command.
You are too injured to fight recklessly!
You barely miss the adder.
The adder is severely wounded.
You feel sick. The adder barely misses you. The adder bites you.
* * * LOW HITPOINT WARNING * * *
You are more poisoned.
The adder poisons you!
Unknown command.
You barely miss the adder. Your peck misses the adder.
The adder is severely wounded.
* * * LOW HITPOINT WARNING * * *
You feel very sick. The adder barely misses you. The adder bites you.
You die...

#.....##..# #### #...# ###
###### ##.# #..# +...+
#######.## #..# #...#
.........####'#####...#
########.#..'.....#...#
.........#..#.....#...#
########.####.....'...+
........##..#.....#...#
#######.##.S@.....#...#
.........####+#####...####
#######..#.## #..#...#..#
....#..#..# #..'...†..#
######.##.#..#..#######...####
.......##.#..#...#.#####.##
.......##.#..#.#.#.......#
...)...#.....#.....#######
.......#..#.#####..#


You could see an adder.

Vanquished Creatures
  An adder (D:2)
  2 worms
  11 ball pythons
  2 bats
  5 endoplasms
  4 giant cockroaches
  5 goblins
  8 hobgoblins
  4 quokkas
  4 frilled lizards (D:2)
  4 kobolds
  7 rats
57 creatures vanquished.

Notes
Turn   | Place    | Note
-------+----------+-------------------------------------------
     0 | D:1      | sanka the Tengu Enchanter began the quest for the Orb.
     0 | D:1      | Reached XP level 1. HP: 10/10 MP: 4/4
   250 | D:1      | Reached skill level 1 in Fighting
   250 | D:1      | Reached XP level 2. HP: 9/16 MP: 6/6
  1390 | D:2      | Reached XP level 3. HP: 11/20 MP: 7/7
  1820 | D:2      | Found Qostrag's Weapon Emporium.
  2382 | D:2      | Noticed Sigmund
  2810 | D:2      | Reached XP level 4. HP: 23/27 MP: 8/8
  3494 | D:3      | HP: 1/27 [poisoned by an adder]
  3494 | D:3      | Slain by an adder

Illustrated notes

Levels and vault maps discovered:
D:1:      minmay_arrival_semitransparent, layout_loops_corners
D:2:      layout_loops_ring, serial_shops, shop, corexii_leaking_fountain,
          minmay_goblin_kobold_house, uniq_sigmund
D:3:      layout_basic, minmay_snake_closets

Skill      XL: |  1  2  3 |
---------------+----------+-----
Fighting       | 1 2 |  2.5
Dodging        | 3 |  3.8
Short Blades   | |  1.1
Stealth        | |  3.0
Spellcasting   | |  2.0
Hexes          | |  2.1

Action                   |  1- 3 |  4- 6 || total
-------------------------+-------+-------++-------
Melee: Dagger            |    65 |       ||    65
       Kick              |    22 |     8 ||    30
       Peck              |    14 |     4 ||    18
       Trident           |    47 |    47 ||    94
       Punch             |     1 |       ||     1
Throw: Dart              |     4 |       ||     4
 Stab: Sleeping          |    11 |     7 ||    18
Armor: Robe              |    15 |     3 ||    18
Dodge: Dodged            |    61 |    30 ||    91
